 Dungeon Crawl Stone Soup version 0.30-a0-743-gbfdf073431 (webtiles) character file.

Game seed: 11454023891110692777

7476 ragingrage the Grappler (level 10, -5/112 HPs)
             Began as a Troll Chaos Knight on Feb 7, 2023.
             Was a Plaything of Xom.
             Slain by Urug
             ... wielding a +7 scimitar
              (30 damage)
             ... on level 10 of the Dungeon.
             The game lasted 00:12:26 (8306 turns).

ragingrage the Grappler (Troll Chaos Knight)        Turns: 8306, Time: 00:12:27

Health: -5/112     AC:  8    Str: 22      XL:     10   Next: 94%
Magic:  10/10      EV: 14    Int: 12      God:    Xom [.....*]
Gold:   386        SH:  0    Dex:  8 (9)  Spells: 8/11 levels left

rFire   . . .      SeeInvis .      - Unarmed
rCold   + . .      Faith    .    (no shield)
rNeg    . . .      Spirit   .    z - +0 steam dragon scales
rPois   .          Reflect  .    (helmet restricted)
rElec   +          Harm     .    (no cloak)
rCorr   .          Rampage  .    (gloves unavailable)
Will    +....                    (boots unavailable)
Stlth   ++                       (no amulet)
HPRegen 1.18/turn                y - ring of protection from cold
MPRegen 0.12/turn                j - +5 ring of evasion

@: mighty, cleaving, invisible, unable to read
A: large, unfitting armour, claws 3, regeneration 1, shaggy fur 1, tough skin 1,
antennae 1, talons 1, iridescent scales 2, deformed body, deterioration 1,
strong-willed 1, robust 2, electricity resistance, inability to read after
injury 1, noise suppression
a: Renounce Religion


You were on level 10 of the Dungeon.
You worshipped Xom.
You were Xom's teddy bear.
You visited 2 branches of the dungeon, and saw 11 of its levels.

You collected 477 gold pieces.
You spent 91 gold pieces at shops.

Inventory:

Missiles
 o - 3 boomerangs
 q - 38 poisoned darts
 E - 2 throwing nets
Armour
 z - +0 steam dragon scales (worn)
Magical Staves
 b - a staff of earth
Jewellery
 g - a ring of resist corrosion
 j - a +5 ring of evasion (right claw)
 y - a ring of protection from cold (left claw)
Wands
 s - a wand of polymorph (10)
 v - a wand of flame (17)
 D - a wand of iceblast (9)
Scrolls
 a - a scroll of enchant armour {unknown}
 d - a scroll of blinking {unknown}
 e - a scroll of amnesia {unknown}
 f - a scroll of enchant weapon {unknown}
 i - 2 scrolls of vulnerability {unknown}
 k - 5 scrolls of teleportation
 m - a scroll of immolation {unknown}
 p - a scroll of torment {unknown}
 w - 2 scrolls of fear {unknown}
 F - a scroll of fog {unknown}
Potions
 c - a potion of brilliance
 h - a potion of might
 l - 2 potions of curing
 n - a potion of cancellation {unknown}
 r - 3 potions of heal wounds
 t - 2 potions of magic
 x - 2 potions of ambrosia
 A - a potion of berserk rage {unknown}
 G - a potion of resistance {unknown}
Miscellaneous
 u - a piece from Xom's chessboard (15/15)


   Skills:
 + Level 4.3 Fighting
 - Level 1.9 Dodging
 - Level 2.0 Stealth
 + Level 12.7 Unarmed Combat
 - Level 1.0 Spellcasting
 - Level 2.0 Conjurations
 + Level 8.5 Earth Magic


You had 8 spell levels left.
You knew the following spells:

 Your Spells              Type           Power      Damage    Failure   Level
a - Stone Arrow           Conj/Erth      26%        3d8       11%         3

Your spell library contained the following spells:

 Spells                   Type           Power      Damage    Failure   Level
 Passwall                 Tmut/Erth      8%         N/A       8%          2
 Lee's Rapid Deconstruct  Erth           10%        3d8*      26%         5
 Freeze                   Ice            0%         1d3       30%         1
 Slow                     Hex            0%         N/A       30%         1
 Sting                    Tmut/Pois      0%         1d3       30%         1
 Ensorcelled Hibernation  Hex/Ice        0%         N/A       41%         2
 Poisonous Vapours        Pois/Air       0%         N/A       41%         2
 Leda's Liquefaction      Hex/Erth       5%         N/A       45%         4
 Hailstorm                Conj/Ice       3%         3d3       52%         3
 Frozen Ramparts          Ice            0%         1d1       65%         3
 Gell's Gravitas          Tloc           0%         N/A       65%         3
 Portal Projectile        Hex/Tloc       0%         N/A       65%         3
 Swiftness                Air            0%         N/A       65%         3
 Teleport Other           Tloc           0%         N/A       65%         3
 Tukima's Dance           Hex            0%         N/A       65%         3
 Borgnjor's Vile Clutch   Necr/Erth      5%         N/A       82%         5
 Cause Fear               Hex            0%         N/A       96%         4
 Olgreb's Toxic Radiance  Pois           0%         N/A       96%         4
 Blade Hands              Tmut           0%         N/A       100%        5
 Yara's Violent Unravell  Hex/Tmut       0%         3d3       100%        5
 Dispersal                Tloc           0%         N/A       100%        6
 Statue Form              Tmut/Erth      6%         N/A       100%        6


Dungeon Overview and Level Annotations

Branches:
Dungeon (10/15)            Temple (1/1) D:7            Lair (0/5) D:9
    Orc (0/2) D:9

Altars:
Dithmenos
Fedhas
Kikubaaqudgha
Makhleb
Nemelex Xobeh
Okawaru
Qazlal
Sif Muna
Trog
Vehumet
Wu Jian
Xom
Yredelemnul
The Shining One

Shops:
D:1 :   D:6 *   D:7 =

Annotations:
D:2 Sigmund
D:9 exclusion: downstairs
D:10 Erica, Urug
Temple 2 transporters


Innate Abilities, Weirdness & Mutations

You are too large for most types of armour.
You have claws for hands.
Your natural rate of healing is unusually fast.
You are covered in fur. (AC +1)
You have tough skin. (AC +1)
You have a pair of small antennae on your head.
You have sharp toenails.
You are mostly covered in iridescent scales. (AC +4)
Armour fits poorly on your strangely shaped body.
Your body sometimes deteriorates upon taking damage.
You are strong-willed. (Will+)
You are very robust. (+20% HP)
You are resistant to electric shocks. (rElec)
You occasionally lose the ability to read scrolls when taking damage.
You passively dampen the noise of your surroundings.


Message History

Press: ? - help, v - describe, . - travel, g - get item Item here: a +0 giant club.
The floor, spattered with blood.
You fade into invisibility!
Lodul barely misses you.
You catch Lodul completely off-guard!
You scratch Lodul but do no damage.
Lodul is moderately wounded.
Lodul bites you.
* * * LOW HITPOINT WARNING * * *
The ogre closely misses you.
You catch Lodul completely off-guard!
You mangle Lodul!! You claw Lodul.
You kill Lodul!
Lodul returns to his original shape as he dies.
You can read scrolls again.
The ogre hits you with a +0 giant club!
* * * LOW HITPOINT WARNING * * *
You mangle the ogre!! Your kick misses the ogre. You claw the ogre.
You kill the ogre!
Urug throws a javelin.
You barely miss the ogre. You claw the ogre!
The ogre is moderately wounded.
The ogre closely misses you.
The ogre hits you with a +0 giant spiked club.
* * * LOW HITPOINT WARNING * * *
You mangle the ogre!! You claw the ogre.
You kill the ogre! "Go forth and destroy!"
Your claws look sharp.
The ogre misses you.
You claw the ogre! x2
The ogre is almost dead.
You strike the helpless ogre from behind!
You scratch the ogre. The ogre barely misses you.
You barely miss Urug. You claw Urug.
Urug is lightly wounded.
You scratch the ogre. You barely miss the ogre. x2
The ogre closely misses you. Urug hits you with a +7 scimitar!!
You feel threatened and lose the ability to read scrolls!
You die...
Xom chuckles heartily!

....####..............
....##.##.)...........#
............#...(... .#
............#.........#.
..............#_#.#.....
..............#)#.#..#
.##........#..)†)...#
..##...........OOo.##
..#............O@..#
..........#......###
...................
..............#...##
..##..........#...# ..#
.##......###### ### #
....# # .###


You could see Urug (unable to see you) and 3 ogres.

Vanquished Creatures
  Pikel (D:7)
  Joseph (D:7)
  A gargoyle (D:10)
  Maggie (D:7)
  A hornet (D:9)
  A wraith (D:10)
  Eustachio (D:4)
  A hog (D:10)
  2 steam dragons (D:9)
  6 yaks
  A warg (D:9)
  3 ice beasts
  5 orc warriors
  2 black bears (D:5)
  3 sky beasts
  5 ogres
  2 centaurs
  4 lemures (D:7)
  3 kobold brigands (D:8)
  Blork the orc (D:4)
  2 bullfrogs
  3 gnoll sergeants
  4 scorpions
  A necrophage (D:6)
  10 wights
  4 killer bees (D:9)
  A howler monkey (D:9)
  2 hounds
  2 jellies
  8 orc priests
  Ijyb (D:4)
  2 iguanas (D:5)
  8 orc wizards
  9 adders
  12 gnolls
  A shadow imp (D:5)
  A white imp (D:5)
  2 ufetubi
  2 worms
  4 dart slugs
  22 orcs
  8 ball pythons
  4 bats
  12 endoplasms
  2 giant cockroaches
  9 hobgoblins
  2 quokkas
  3 frilled lizards
  5 goblins
  21 kobolds
  4 rats
216 creatures vanquished.

Vanquished Creatures (collateral kills)
  A goblin (D:4)
1 creature vanquished.

Vanquished Creatures (others)
  A shadow (D:7)
  Menkaure (D:7)
  An orc wizard (D:7)
3 creatures vanquished.

Grand Total: 220 creatures vanquished

Notes
Turn   | Place    | Note
-------+----------+-------------------------------------------
     0 | D:1      | ragingrage the Troll Chaos Knight began the quest for the
                  | Orb.
     0 | D:1      | Reached XP level 1. HP: 22/22 MP: 0/0
     7 | D:1      | Found Malossoikh's Book Emporium.
    41 | D:1      | XOM: divination: magic mapping
   246 | D:1      | Reached XP level 2. HP: 29/29 MP: 1/1
   325 | D:1      | XOM: silly message
   598 | D:1      | Found a faded altar of an unknown god.
   658 | D:2      | XOM is BORED!
   658 | D:2      | XOM: 1-stop teleportation journey
   679 | D:2      | Reached skill level 4 in Unarmed Combat
   727 | D:2      | Reached XP level 3. HP: 34/36 MP: 2/2
   793 | D:2      | XOM: smoke on damage
   798 | D:2      | Noticed Sigmund
   800 | D:2      | XOM: cast spell 'Summon Small Mammal'
   837 | D:3      | XOM: divination: detect creatures
   869 | D:3      | XOM: god gift: blue potion {god gift}
   949 | D:3      | Reached XP level 4. HP: 43/44 MP: 3/3
   967 | D:3      | XOM: noise
   982 | D:3      | Got Dugi Otz's Guidebook on Grit and Misfortune
  1024 | D:3      | XOM: give mutation
  1024 | D:3      | Gained mutation: You are robust. (+10% HP) [Xom's grace]
  1037 | D:3      | Reached skill level 5 in Unarmed Combat
  1421 | D:3      | XOM: give mutations
  1421 | D:3      | Gained mutation: You are agile. (Dex +4, Str/Int -1) [Xom's
                  | grace]
  1421 | D:3      | Gained mutation: You are resistant to electric shocks.
                  | (rElec) [Xom's grace]
  1639 | D:4      | Noticed Ijyb
  1646 | D:4      | Killed Ijyb
  1723 | D:4      | Noticed Eustachio
  1742 | D:4      | XOM: summons friendly crimson imp
  1745 | D:4      | Killed Eustachio
  1746 | D:4      | Reached skill level 6 in Unarmed Combat
  1746 | D:4      | Reached XP level 5. HP: 45/55 MP: 4/4
  1746 | D:4      | Reached XP level 6. HP: 53/64 MP: 5/5
  1798 | D:4      | Reached skill level 7 in Unarmed Combat
  1936 | D:4      | Found a burning altar of Makhleb.
  1936 | D:4      | Found an ornate altar of the Wu Jian Council.
  2072 | D:4      | XOM is BORED!
  2076 | D:4      | XOM: summons 4 hostile demons
  2077 | D:4      | Found a shimmering blue altar of Sif Muna.
  2111 | D:4      | Found a radiant altar of Vehumet.
  2114 | D:4      | Found a shadowy altar of Dithmenos.
  2114 | D:4      | Found a glowing golden altar of the Shining One.
  2129 | D:4      | Learned a level 3 spell: Stone Arrow
  2129 | D:4      | Found a stormy altar of Qazlal.
  2232 | D:4      | Noticed Blork the orc
  2237 | D:4      | XOM: enchant monster (bad)
  2240 | D:4      | Killed Blork the orc
  2241 | D:4      | Reached skill level 8 in Unarmed Combat
  2241 | D:4      | Reached XP level 7. HP: 57/72 MP: 6/6
  2269 | D:4      | XOM: silly message
  2329 | D:4      | XOM: give mutations
  2329 | D:4      | Lost mutation: You are agile. (Dex +4, Str/Int -1) [Xom's
                  | mischief]
  2329 | D:4      | Gained mutation: Your spells are a little harder to cast,
                  | but a little more powerful. [Xom's mischief]
  2369 | D:5      | Entered Level 5 of the Dungeon
  2543 | D:5      | XOM: give mutations
  2543 | D:5      | Gained mutation: Your body sometimes deteriorates upon
                  | taking damage. [Xom's mischief]
  2543 | D:5      | Gained mutation: You are partially covered in iridescent
                  | scales. (AC +2) [Xom's mischief]
  2543 | D:5      | Gained mutation: You passively dampen the noise of your
                  | surroundings. [Xom's mischief]
  2750 | D:5      | XOM: enchant monster (bad)
  2752 | D:5      | XOM: silly message
  2845 | D:5      | Reached skill level 1 in Earth Magic
  2894 | D:5      | Reached skill level 9 in Unarmed Combat
  2927 | D:5      | Reached XP level 8. HP: 81/81 MP: 7/7
  3038 | D:5      | XOM: swap monsters
  3360 | D:6      | XOM: blink monster(s)
  3391 | D:7      | Noticed Menkaure
  3392 | D:7      | Found a staircase to the Ecumenical Temple.
  3399 | D:7      | Reached skill level 10 in Unarmed Combat
  3402 | D:7      | Killed Menkaure
  3402 | D:7      | XOM: divine lightning
  3481 | D:7      | Noticed Joseph
  3496 | Temple   | Entered the Ecumenical Temple
  3496 | Temple   | Found a transporter.
  3496 | Temple   | Found a transporter.
  3621 | D:7      | Killed Joseph
  3622 | D:7      | Reached skill level 5 in Earth Magic
  3650 | D:7      | XOM: 5-stop teleportation journey
  3850 | D:7      | Noticed Maggie
  3865 | D:7      | XOM: swap monsters
  3873 | D:7      | Killed Maggie
  3874 | D:7      | Reached XP level 9. HP: 88/88 MP: 8/8
  4018 | D:7      | Found Diagoci's Jewellery Shoppe.
  4254 | D:7      | Noticed Pikel
  4266 | D:7      | XOM: enchant monster (bad)
  4272 | D:7      | Killed Pikel
  4273 | D:7      | Reached skill level 11 in Unarmed Combat
  4273 | D:7      | Reached skill level 1 in Conjurations
  4752 | D:6      | XOM: give mutations
  4752 | D:6      | Gained mutation: You occasionally lose the ability to read
                  | scrolls when taking damage. [Xom's mischief]
  4752 | D:6      | Lost mutation: You are partially covered in iridescent
                  | scales. (AC +2) [Xom's mischief]
  4752 | D:6      | Gained mutation: Armour fits poorly on your strangely
                  | shaped body. [Xom's mischief]
  4752 | D:6      | Lost mutation: Your spells are a little harder to cast, but
                  | a little more powerful. [Xom's mischief]
  5199 | D:6      | Found Eniproosho's Specific Store.
  5203 | D:6      | Found Eriejur's General Store.
  5208 | D:6      | Bought a potion of might for 52 gold pieces
  5218 | D:6      | Bought a potion of curing for 39 gold pieces
  5222 | D:6      | XOM: summons 4 hostile shadow creatures
  5232 | D:6      | XOM: smoke on damage
  5477 | D:7      | XOM: summons 1 hostile shadow creature
  5584 | D:8      | XOM: cast spell 'Leda's Liquefaction'
  5621 | D:8      | XOM: cloud trail
  5683 | D:8      | XOM: scenery: summon butterflies
  5957 | D:8      | Reached skill level 12 in Unarmed Combat
  5957 | D:8      | Reached XP level 10. HP: 88/96 MP: 9/9
  6477 | D:9      | XOM: scenery: 1 doors open
  6478 | D:9      | Found a staircase to the Lair.
  6835 | D:9      | Found a staircase to the Orcish Mines.
  6933 | D:9      | Reached skill level 1 in Stealth
  6962 | D:9      | XOM: god gift: short sword {god gift}
  7004 | D:9      | XOM: divination: detect creatures
  7012 | D:9      | Reached skill level 1 in Spellcasting
  7021 | D:9      | XOM: give mutations
  7021 | D:9      | Gained mutation: You are very robust. (+20% HP) [Xom's
                  | grace]
  7021 | D:9      | Gained mutation: You have sharp toenails. [Xom's grace]
  7021 | D:9      | Gained mutation: You are partially covered in iridescent
                  | scales. (AC +2) [Xom's grace]
  7271 | D:9      | XOM is BORED!
  7419 | D:10     | Entered Level 10 of the Dungeon
  7491 | D:9      | XOM: confuse monster(s)
  7493 | D:9      | XOM: smoke on damage
  7557 | D:10     | XOM: polymorph yak -> yak
  7992 | D:9      | XOM: scenery: create altars
  7997 | D:9      | XOM: cast spell 'Chain of Chaos'
  8059 | D:9      | XOM: enchant monster (good)
  8086 | D:9      | XOM: give mutation
  8086 | D:9      | Gained mutation: You are strong-willed. (Will+) [Xom's
                  | grace]
  8129 | D:10     | XOM is BORED!
  8129 | D:10     | XOM: torment (56/110 hp)
  8214 | D:10     | Noticed Erica
  8252 | D:10     | XOM: give mutations
  8252 | D:10     | Gained mutation: You are mostly covered in iridescent
                  | scales. (AC +4) [Xom's grace]
  8252 | D:10     | Gained mutation: You have a pair of small antennae on your
                  | head. [Xom's grace]
  8271 | D:10     | Noticed Urug
  8276 | D:10     | Noticed a gargoyle
  8286 | D:10     | Killed a gargoyle
  8286 | D:10     | XOM: scenery: create altars
  8287 | D:10     | Noticed Lodul
  8295 | D:10     | Lodul changed into Lodul the hog
  8295 | D:10     | Noticed Lodul
  8300 | D:10     | Killed Lodul the hog
  8303 | D:10     | XOM: cleaving
  8306 | D:10     | Slain by Urug

Illustrated notes

Levels and vault maps discovered:
D:1:      lightli_molten_gateway, layout_loops_ring,
          shapermc_ecumenical_altar_mp_ritualfount, serial_shops, shop,
          serial_bayou_crossing
D:2:      layout_basic, uniq_sigmund
D:3:      layout_basic, minmay_vboxes
D:4:      layout_basic, nicolae_overflow_hallway_of_the_gods,
          jmf_multi_god_temple, uniq_eustachio, uniq_blork_the_orc, uniq_ijyb
D:5:      layout_loops_ring, hangedman_decor_lopped, abandoned_shop
D:6:      cheibrodos_quashed, layout_basic, nicolae_specific_store
D:7:      layout_gridville, minmay_temple_entry_mini_moons, serial_shops, shop,
          uniq_pikel, uniq_joseph, uniq_menkaure, uniq_maggie
D:8:      layout_cave_pools
D:9:      layout_irregular_city, lair_entry_dummy, david_orc_3
D:10:     layout_cave_pools, uniq_lodul, uniq_erica, uniq_urug
Temple:   hellmonk_temple_divided_pantheon

Skill      XL: |  1  2  3  4  5  6  7  8  9 10 |
---------------+-------------------------------+-----
Unarmed Combat | 4 6 8 9 10 12 | 12.7
Earth Magic    | 2 5 7 8 |  8.5
Conjurations   | 2 |  2.0
Stealth        | 2 |  2.0
Fighting       | 4 |  4.3
Spellcasting   | 1 |  1.0
Dodging        | |  1.9

Action                     |  1- 3 |  4- 6 |  7- 9 | 10-12 || total
---------------------------+-------+-------+-------+-------++-------
  Melee: Unarmed           |   111 |   102 |   263 |   140 ||   616
         Punch             |     3 |     7 |    15 |     8 ||    33
         Staff             |       |       |     1 |       ||     1
         Kick              |       |       |       |    20 ||    20
  Throw: Dart              |       |       |       |     1 ||     1
   Cast: Stone Arrow       |       |       |    17 |    25 ||    42
  Evoke: Piece from Xom's  |       |     2 |     6 |       ||     8
         Wand              |       |       |       |     6 ||     6
    Use: Scroll            |       |     4 |     4 |     1 ||     9
         Potion            |       |       |       |     5 ||     5
   Stab: Paralysed         |       |       |     3 |       ||     3
         Invisible         |       |       |       |     3 ||     3
         Confused          |       |       |       |     1 ||     1
 Armour: Robe              |    38 |    28 |    28 |       ||    94
         Steam dragon scal |       |       |    20 |    34 ||    54
         Skin              |       |       |       |     3 ||     3
  Dodge: Dodged            |    48 |    48 |   145 |   114 ||   355

Table legend: (Time is in decaauts)
 A = Elapsed time spent in this place.
 B = Non-inter-level travel time spent in this place.
 C = Inter-level travel time spent in this place.
 D = Time resting spent in this place.
 E = Time spent auto-exploring this place.
 F = Levels seen in this place.
 G = Mean time per level.
                   A        B        C        D        E       F      G
               +--------+--------+--------+--------+--------+-----+--------+
         Total |   8184 |   7612 |    572 |    971 |   4894 |  11 |  744.0 |
       Dungeon |   8068 |   7496 |    572 |    857 |   4894 |  10 |  806.8 |
        Temple |    115 |    115 |      0 |    114 |      0 |   1 |  115.0 |
               +--------+--------+--------+--------+--------+-----+--------+

Top non-repeatable levels by time:
     D:9: 1765 daAuts
     D:7: 1114 daAuts
     D:6: 991 daAuts
     D:5: 874 daAuts
     D:3: 810 daAuts
     D:8: 753 daAuts
     D:4: 731 daAuts
     D:1: 636 daAuts
    D:10: 224 daAuts
     D:2: 166 daAuts
  Temple: 115 daAuts
